 Dungeon Crawl Stone Soup version 0.31-a0-1469-gd420192249 (webtiles) character file.

Game seed: 8189492271203547859

1060 BigPumpCobain the Ruffian (level 8, -8/78 HPs)
             Began as a Troll Shapeshifter on Dec 29, 2023.
             Was a Believer of Trog.
             Mangled by Maggie
             ... wielding the +9 lance "Wyrmbane" {slay drac, rPois rF+ rC+ AC+3}
              (13 damage)
             ... on level 6 of the Dungeon.
             The game lasted 00:04:12 (3735 turns).

BigPumpCobain the Ruffian (Troll Shapeshifter)      Turns: 3735, Time: 00:04:13

Health: -8/78      AC:  4    Str: 25    XL:     8   Next: 6%
Magic:  7/7        EV:  9    Int:  6    God:    Trog [**....]
Gold:   231        SH:  0    Dex:  9    Spells: 7/7 levels left

rFire   . .          .
                       - Unarmed
rCold   . . .        (no shield)
rNeg    . . .        a - +0 animal skin
rPois   .            (helmet currently unavailable)
rElec   .            (cloak currently unavailable)
rCorr   .            (gloves unavailable)
SInv    .            (boots unavailable)
Will    ++...        (no amulet)
Stlth   +            (no ring)
HPRegen 2.13/turn    (no ring)
MPRegen 0.10/turn

%: no passive effects
@: beast-form, strong-willed, mesmerised, regenerating
A: beast (slay +2), large, unfitting armour, claws 3, regeneration 1, shaggy fur
1, tough skin 1
a: Begin Untransformation, Renounce Religion, Berserk, Trog's Hand


You were on level 6 of the Dungeon.
You worshipped Trog.
Trog was pleased with you.
You were a hulking beast.
You visited 1 branch of the dungeon, and saw 6 of its levels.

You collected 231 gold pieces.

Inventory:

Missiles
 r - a throwing net
Armour
 a - a +0 animal skin (worn)
Talismans
 c - a beast talisman
 d - a flux talisman
Scrolls
 e - 2 scrolls of amnesia
 f - a scroll of blinking
 g - 2 scrolls of fear
 l - a scroll of poison
 n - 4 scrolls of identify
 p - a scroll of fog {unknown}
 q - a scroll of immolation {unknown}
 t - a scroll of acquirement {unknown}
Potions
 b - a potion of brilliance {unknown}
 h - 2 potions of might {unknown}
 i - a potion of degeneration {unknown}
 j - 2 potions of attraction {unknown}
 k - a potion of heal wounds {unknown}
 m - 5 potions of curing {unknown}
 o - a potion of resistance {unknown}
 s - a potion of invisibility {unknown}


   Skills:
 + Level 3.8 Fighting
 - Level 1.5 Dodging
 * Level 7.3 Unarmed Combat
 + Level 5.2 Shapeshifting


You had 7 spell levels left.
You didn't know any spells.
Your spell library contained the following spells:

 Spells                   Type           Power      Damage    Failure   Level
 Apportation              Tloc           0%         N/A       45%         1
 Jinxbite                 Hex            0%         N/A       58%         2
 Alistair's Intoxication  Alch           0%         N/A       100%        5


Dungeon Overview and Level Annotations

Branches:
Dungeon (6/15)
 Temple: D:4-7

Altars:
Hepliaklqana
Qazlal
Trog

Annotations:
D:5 3 runed translucent doors, gummybears's ghost, novice TrFi
D:6 Maggie


Innate Abilities, Weirdness & Mutations

You are a hulking beast.
Your limbs bulge with bestial killing power. (Slay +2)
You are too large for most types of armour.
You have claws for hands.
Your natural rate of healing is unusually fast.
You are covered in fur. (AC +1)
You have tough skin. (AC +1)


Message History

No target in view!
No target in view!
No target in view!
There is a stone staircase leading up here.
Found a stone staircase leading down.
A howler monkey comes into view.
The howler monkey howls!
You hear a shout!
The howler monkey hoots and howls with incredible vigour!
You hear an angry hiss. x2
You claw the howler monkey! You claw the howler monkey.
The howler monkey is severely wounded.
The howler monkey hits you.
You scratch the howler monkey.
You kill the howler monkey!
Trog accepts your kill.
Maggie the Vainglorious comes into view.
She is wielding the +9 lance "Wyrmbane" {slay drac, rPois rF+ rC+ AC+3}.
Maggie casts a spell.
Maggie attempts to bespell you!
You are mesmerised by Maggie!
Maggie points at you and mumbles some strange words.
The bolt of fire hits you!! Maggie gestures at you while chanting.
The bolt of fire hits you!!
You are too injured to fight recklessly!
You don't know any spells.
Your skin crawls.
You feel strong-willed.
Maggie hits you with the +9 lance "Wyrmbane" {slay drac, rPois rF+ rC+ AC+3}!
Maggie hits you with the +9 lance "Wyrmbane" {slay drac, rPois rF+ rC+ AC+3}!
* * * LOW HITPOINT WARNING * * *
You barely miss Maggie. Maggie gestures at you while chanting.
The bolt of fire hits you!!
* * * LOW HITPOINT WARNING * * *
You claw Maggie!
Maggie is lightly wounded.
You closely miss Maggie.
Maggie is lightly wounded.
Maggie hits you with the +9 lance "Wyrmbane" {slay drac, rPois rF+ rC+ AC+3}!
You die...

##.#### # ..#.....# .#
..#.....# .##
.......#... #.....#..#
........# #.#.#.#
####.@h..# #........#
###.>......#
#########..........# .
........#.#........##..
#.##.##.#.#.......#....
#.##.##.#..............
#.##......#.......#....
#.#####.#..###......##.


You could see Maggie (mesmerising).

Vanquished Creatures
  Grinder (D:3)
  Sigmund (D:2)
  Blork the orc (D:5)
  A scorpion (D:5)
  A howler monkey (D:6)
  2 orc priests (D:5)
  3 hounds (D:5)
  A jelly (D:5)
  2 iguanas (D:5)
  Natasha (twice) (D:3)
  An orc wizard (D:3)
  4 gnolls (D:2)
  9 adders
  A white imp (D:6)
  2 ufetubi (D:4)
  A worm (D:2)
  2 dart slugs (D:1)
  14 orcs
  5 ball pythons
  5 endoplasms
  4 giant cockroaches
  7 goblins
  6 hobgoblins
  8 jackals
  2 quokkas
  7 bats
  7 kobolds
  6 rats
106 creatures vanquished.

Notes
Turn   | Place    | Note
-------+----------+-------------------------------------------
     0 | D:1      | BigPumpCobain the Troll Shapeshifter began the quest for
                  | the Orb.
     0 | D:1      | Reached XP level 1. HP: 18/18 MP: 0/0
   104 | D:1      | Reached skill level 1 in Fighting
   117 | D:1      | Reached XP level 2. HP: 27/27 MP: 1/1
   449 | D:1      | Found a faded altar of an unknown god.
   714 | D:2      | Found a bloodstained altar of Trog.
   716 | D:2      | Reached XP level 3. HP: 32/33 MP: 2/2
   732 | D:2      | Reached skill level 4 in Unarmed Combat
   735 | D:2      | Reached XP level 4. HP: 13/41 MP: 3/3
   780 | D:2      | Became a worshipper of Trog the Wrathful
   893 | D:2      | Noticed Sigmund
   901 | D:2      | Killed Sigmund
   902 | D:2      | Reached skill level 5 in Unarmed Combat
   902 | D:2      | Reached XP level 5. HP: 37/50 MP: 4/4
  1187 | D:2      | Reached XP level 6. HP: 57/59 MP: 5/5
  1651 | D:3      | Reached * piety under Trog
  1912 | D:3      | Noticed Natasha
  1917 | D:3      | Killed Natasha
  1959 | D:3      | Noticed Grinder
  1960 | D:3      | Paralysed by Grinder for 4 turns
  1976 | D:3      | Paralysed by Grinder for 4 turns
  1983 | D:3      | Paralysed by Grinder for 5 turns
  1989 | D:3      | Killed Grinder
  1990 | D:3      | Reached skill level 6 in Unarmed Combat
  1990 | D:3      | Reached XP level 7. HP: 63/67 MP: 6/6
  2173 | D:3      | Found a stormy altar of Qazlal.
  2390 | D:3      | Noticed Natasha
  2394 | D:3      | Killed Natasha
  2466 | D:4      | Found a hazy altar of Hepliaklqana.
  3178 | D:5      | Entered Level 5 of the Dungeon
  3354 | D:5      | Reached skill level 7 in Unarmed Combat
  3381 | D:5      | Reached ** piety under Trog
  3382 | D:5      | Reached skill level 5 in Shapeshifting
  3414 | D:5      | Found a runed translucent gate.
  3414 | D:5      | Noticed gummybears's ghost (novice TrFi)
  3415 | D:5      | Found a runed translucent gate.
  3415 | D:5      | Noticed Blork the orc
  3416 | D:5      | Found a runed translucent gate.
  3421 | D:5      | Killed Blork the orc
  3620 | D:5      | Reached XP level 8. HP: 77/78 MP: 7/7
  3622 | D:5      | Identified the staff of Imbalance {*Corrode rPois Will+
                  | Necro Alchemy}
  3726 | D:6      | Noticed Maggie
  3733 | D:6      | HP: 2/78 [Maggie/bolt of fire (20)]
  3735 | D:6      | Mangled by Maggie

Illustrated notes

Levels and vault maps discovered:
D:1:      mrwooster_arrival_arrow, layout_loops_ring,
          shapermc_ecumenical_altar_venn
D:2:      layout_loops_ring, basic_altar, uniq_sigmund
D:3:      layout_loops_corners, grunt_qazlal_clouds, kennysheep_generic_room_3,
          uniq_natasha, uniq_grinder
D:4:      layout_basic, nzn_hepliaklqana_mist_gate
D:5:      layout_rooms, gammafunk_ghost_nasty_kobolds, kennysheep_small_circle,
          uniq_blork_the_orc
D:6:      layout_loops_cross, lemuel_doored_altar,
          nicolae_shop_sticking_my_neck_out, uniq_maggie

Skill      XL: |  1  2  3  4  5  6  7 |
---------------+----------------------+-----
Fighting       | 1 2 3 |  3.8
Unarmed Combat | 4 5 6 7 |  7.3
Shapeshifting  | 4 5 |  5.2
Dodging        | |  1.5

Action                     |  1- 3 |  4- 6 |  7- 9 || total
---------------------------+-------+-------+-------++-------
  Melee: Unarmed           |    57 |   107 |    86 ||   250
         Punch             |       |     3 |     5 ||     8
 Invoke: Trog's Hand       |       |       |     1 ||     1
    Use: Scroll            |       |     5 |       ||     5
         Potion            |       |     1 |       ||     1
   Stab: Sleeping          |     2 |       |     1 ||     3
 Armour: Animal skin       |    51 |    91 |    54 ||   196
         Skin              |       |    36 |       ||    36
  Dodge: Dodged            |    30 |    61 |    27 ||   118

Table legend: (Time is in decaauts)
 A = Elapsed time spent in this place.
 B = Non-inter-level travel time spent in this place.
 C = Inter-level travel time spent in this place.
 D = Time resting spent in this place.
 E = Time spent auto-exploring this place.
 F = Levels seen in this place.
 G = Mean time per level.
                   A        B        C        D        E       F      G
               +--------+--------+--------+--------+--------+-----+--------+
         Total |   3718 |   3571 |    147 |     78 |   2911 |   6 |  619.7 |
       Dungeon |   3718 |   3571 |    147 |     78 |   2911 |   6 |  619.7 |
               +--------+--------+--------+--------+--------+-----+--------+

Top non-repeatable levels by time:
     D:3: 930 daAuts
     D:2: 769 daAuts
     D:4: 756 daAuts
     D:1: 711 daAuts
     D:5: 508 daAuts
     D:6: 42 daAuts
